 Dungeon Crawl Stone Soup version 0.26-a0-649-gf8c6c3aab7 (webtiles) character file.

Game seed: 12712517299668473017

167 smeego the Ducker (level 5, -5/36 HPs)
             Began as an Octopode Fighter on Sept 27, 2020.
             Slain by a sky beast (6 damage)
             ... on level 3 of the Dungeon.
             The game lasted 00:02:56 (2422 turns).

smeego the Ducker (Octopode Fighter)                Turns: 2422, Time: 00:02:56

Health: -5/36      AC:  1    Str: 14 (17) XL:     5   Next: 48%
Magic:  5/5        EV: 11    Int:  8 (10) God:
Gold:   86         SH:  8    Dex:  8 (11) Spells: 4/4 levels left

rFire    . . .     SeeInvis .   a - +1 long sword
rCold    . . .     Faith    .   b - +0 kite shield
rNeg     . . .     Spirit   .   (helmet restricted)
rPois    .         Reflect  .   j - amulet of the acrobat
rElec    .         Harm     .   (no ring)
rCorr    .         Rampage  .   (no ring)
MR       .....                  (no ring)
Stlth    +++.......             (no ring)
HPRegen  0.12/turn              (no ring)
MPRegen  0.09/turn              (no ring)
                                (no ring)
                                (no ring)

@: no status effects
A: almost no armour, stealthy swim, amphibious, 8 rings, constrict 8, camouflage
1, gelatinous body 1
a: no special abilities


You were on level 3 of the Dungeon.
You visited 1 branch of the dungeon, and saw 3 of its levels.

You collected 86 gold pieces.

Inventory:

Hand Weapons
 a - a +1 long sword (weapon)
 f - a +2 dagger of freezing
 g - a +1 spectral club
Armour
 b - a +0 kite shield (worn)
Jewellery
 j - an amulet of the acrobat (around mantle)
Scrolls
 h - a scroll of remove curse
 k - a scroll of random uselessness {unknown}
Potions
 c - a potion of might


   Skills:
 + Level 3.4 Fighting
 * Level 3.3 Long Blades
 + Level 1.4 Throwing
 + Level 3.4 Dodging
 + Level 2.3 Stealth
 + Level 3.3 Shields
 + Level 1.4 Unarmed Combat


You had 4 spell levels left.
You didn't know any spells.
Your spell library was empty.

Dungeon Overview and Level Annotations

Branches:
Dungeon (3/15)

Altars:
Xom
The Shining One


Innate Abilities, Weirdness & Mutations

You cannot wear most types of armour.
You are very stealthy in the water. (Stealth+)
You are amphibious.
You can wear up to eight rings at the same time.
You can use your tentacles to constrict eight enemies at once.
Your skin changes colour to match your surroundings (Stealth+).
Your rubbery body absorbs attacks. (AC +1, EV +1)


Message History

You squeeze the sky beast, but do no damage.
The sky beast is severely wounded.
You barely miss the sky beast.
The sky beast is severely wounded.
The sky beast hits you. The sky beast shocks you. The sky beast hits you.
The sky beast shocks you.
You closely miss the sky beast.
The sky beast is severely wounded.
The sky beast hits you. The sky beast shocks you.
* * * LOW HITPOINT WARNING * * *
You barely miss the sky beast.
The sky beast is severely wounded.
The sky beast closely misses you.
Unknown command.
You closely miss the sky beast.
The sky beast is severely wounded.
The sky beast hits you.
* * * LOW HITPOINT WARNING * * *
The sky beast shocks you.
You die...

##........## #...# #..........#
#...# #..........# #..<#
#....≈.....# ####...#
#..........# #....#.###
.............# #..##.....#
..#.........## ##..# #.....# .
#.........####..####††...#
...........Y@......[......#
.......###.###...#####.....#
..###.. #.# #...# #.....#
....... #+###...# ###.#†#
#......# +.....### #.#.###
....#.# #+###.....# ##.#....
###....# #.# #...#.####..#....
.......###.###...#..).._......
####..............####.###<....


You could see a sky beast.

Vanquished Creatures
  Jessica (D:2)
  3 gnolls (D:3)
  4 adders
  An ooze (D:3)
  4 worms
  A dart slug (D:1)
  4 bats
  A giant cockroach (D:2)
  5 goblins
  5 hobgoblins
  11 jackals
  2 quokkas
  2 ball pythons (D:1)
  6 frilled lizards
  7 kobolds
  5 rats
62 creatures vanquished.

Vanquished Creatures (others)
  4 plants (D:1)
4 creatures vanquished.

Grand Total: 66 creatures vanquished

Notes
Turn   | Place    | Note
-------+----------+-------------------------------------------
     0 | D:1      | smeego the Octopode Fighter began the quest for the Orb.
     0 | D:1      | Reached XP level 1. HP: 16/16 MP: 1/1
   103 | D:1      | Reached XP level 2. HP: 4/21 MP: 2/2
   648 | D:1      | Reached skill level 1 in Stealth
   923 | D:2      | Noticed Jessica
   924 | D:2      | Killed Jessica
   924 | D:2      | Reached XP level 3. HP: 26/26 MP: 3/3
   933 | D:2      | Reached skill level 1 in Throwing
   933 | D:2      | Reached XP level 4. HP: 19/31 MP: 4/4
  1109 | D:2      | Reached skill level 1 in Unarmed Combat
  1495 | D:2      | Found a shimmering altar of Xom.
  1722 | D:3      | Found a glowing golden altar of the Shining One.
  1936 | D:3      | Reached XP level 5. HP: 36/36 MP: 5/5
  2395 | D:3      | Noticed a sky beast
  2422 | D:3      | HP: 1/36 [sky beast (4)]
  2422 | D:3      | Slain by a sky beast

Illustrated notes

Levels and vault maps discovered:
D:1:      roderic_crop_circles_arrival_large, layout_rooms, minmay_tetromino_l4
D:2:      layout_basic, marbit_many_paths, uniq_jessica
D:3:      layout_rooms, overflow_temple_1_default, lemuel_doored_altar,
          minmay_splitting_lines

Skill      XL: |  1  2  3  4 |
---------------+-------------+-----
Stealth        | 1 2 |  2.3
Throwing       | 1 |  1.4
Unarmed Combat | 1 |  1.4
Long Blades    | 3 |  3.3
Fighting       | |  3.4
Dodging        | |  3.4
Shields        | |  3.3

Action                   |  1- 3 |  4- 6 || total
-------------------------+-------+-------++-------
Melee: Long sword        |    33 |    81 ||   114
       Tentacles         |    11 |    16 ||    27
       Constrict         |    10 |    25 ||    35
       Dagger            |       |     1 ||     1
  Use: Scroll            |       |     3 ||     3
       Potion            |       |     2 ||     2
 Stab: Sleeping          |     1 |     4 ||     5
Armor: Skin              |     1 |     3 ||     4
Dodge: Dodged            |    20 |    53 ||    73
Block: Kite shield       |    19 |    38 ||    57
       Rpst.: Long sword |     2 |    18 ||    20

Table legend: (Time is in decaauts)
 A = Elapsed time spent in this place.
 B = Non-inter-level travel time spent in this place.
 C = Inter-level travel time spent in this place.
 D = Time resting spent in this place.
 E = Time spent auto-exploring this place.
 F = Levels seen in this place.
 G = Mean time per level.
                   A        B        C        D        E       F      G
               +--------+--------+--------+--------+--------+-----+--------+
         Total |   2455 |   2349 |    106 |    902 |   1061 |   3 |  818.3 |
       Dungeon |   2455 |   2349 |    106 |    902 |   1061 |   3 |  818.3 |
               +--------+--------+--------+--------+--------+-----+--------+

Top non-repeatable levels by time:
     D:2: 940 daAuts
     D:1: 933 daAuts
     D:3: 582 daAuts
